 Dungeon Crawl Stone Soup version 0.19-a0-1937-g70ed36a (webtiles) character file.

20442 giygas6060 the Fighter (level 12, -3/86 HPs)
             Began as a Gargoyle Fighter on Oct 27, 2016.
             Was an Elder of Qazlal.
             Slain by an orc knight
             ... wielding a +0 great sword
              (18 damage)
             ... on level 2 of the Orcish Mines.
             The game lasted 00:39:50 (11029 turns).

giygas6060 the Fighter (Gargoyle Fighter)          Turns: 11029, Time: 00:39:51

Health: -3/86      AC: 29    Str: 25    XL:     12   Next: 79%
Magic:  12/12      EV:  6    Int:  9    God:    Qazlal [****..]
Gold:   641        SH: 19    Dex:  9    Spells: 0 memorised, 11 levels left

rFire  . . .     SeeInvis .     v - +7 Screaming Sword
rCold  . . .     Gourm    .     m - +0 plate armour
rNeg   + . .     Faith    .     c - +1 shield
rPois  ∞         Spirit   .     j - +0 helmet
rElec  +         Reflect  .     (no cloak)
rCorr  .         Harm     .     (no gloves)
MR     .....                    (no boots)
Stlth  ..........               K - amulet of rage
                                (no ring)
                                Q - +4 ring of protection

@: repel missiles
A: negative energy resistance 1, electricity resistance, unbreathing,
petrification resistance, rot immunity, AC +8
a: Upheaval, Elemental Force, Renounce Religion, Evoke Berserk Rage


You were on level 2 of the Orcish Mines.
You worshipped Qazlal.
Qazlal was greatly pleased with you.
You were not hungry.

You visited 3 branches of the dungeon, and saw 14 of its levels.

You collected 801 gold pieces.
You spent 160 gold pieces at shops.

Inventory:

Hand Weapons
 v - the +7 Screaming Sword (weapon)
   (You found it on level 4 of the Dungeon)
Missiles
 h - 10 javelins (quivered)
Armour
 b - a +1 ring mail of positive energy
 c - a +1 shield (worn)
 j - a +0 helmet (worn)
 m - a +0 plate armour (worn)
Jewellery
 K - an amulet of rage (around neck)
 Q - a +4 ring of protection (left hand)
Wands
 f - a wand of disintegration (20/24)
 q - a wand of polymorph (2/24)
 E - a wand of lightning (3/15)
 J - a wand of teleportation (7/9)
 N - a wand of digging (10/24)
Scrolls
 p - a scroll of enchant armour
 y - 3 scrolls of remove curse
 z - 3 scrolls of enchant weapon
 C - a scroll of silence {unknown}
 D - 3 scrolls of fear {unknown}
 F - 3 scrolls of vulnerability {unknown}
 H - 3 scrolls of amnesia
 I - a scroll of torment {unknown}
 L - 2 scrolls of teleportation
 M - 2 scrolls of identify
Potions
 a - 2 potions of resistance {unknown}
 d - a potion of might
 e - 2 potions of heal wounds
 g - 7 potions of curing
 i - 2 potions of flight
 n - 4 potions of haste
 o - 4 potions of berserk rage
 t - 2 potions of agility
 w - a potion of lignification {unknown}
 x - a potion of magic
 A - a potion of mutation {unknown}
 P - a potion of degeneration {unknown}
Books
 R - a book of Summonings

   Spells                             Type                      Level
   a - Recall                         Summoning/Translocation      3
   b - Aura of Abjuration             Summoning                    5
   c - Summon Demon                   Summoning                    5
   d - Summon Forest                  Summoning/Translocation      5
   e - Summon Mana Viper              Hexes/Summoning              5
   f - Shadow Creatures               Summoning                    6
Miscellaneous
 l - a crystal ball of energy
 O - a box of beasts
Comestibles
 r - a slice of pizza
 s - a meat ration
 u - 2 beef jerkies
 B - 4 bread rations


   Skills:
 * Level 14.4 Fighting
 + Level 7.9 Long Blades
   Level 2.2 Maces & Flails
 + Level 11.1 Armour
 + Level 10.7 Shields


You had 11 spell levels left.
You didn't know any spells.

Dungeon Overview and Level Annotations

Branches:
Dungeon (11/15)            Temple (1/1) D:7            Lair (0/6) D:9
    Orc (2/2) D:11
    Elf: Orc:2

Altars:
Ashenzari
Cheibriados
Dithmenos
Elyvilon
Fedhas
Gozag
Hepliaklqana
Kikubaaqudgha
Makhleb
Nemelex Xobeh
Okawaru
Qazlal
Ru
Sif Muna
Trog
Uskayaw
Vehumet
Xom
Yredelemnul
Zin
The Shining One

Shops:
D:8 ?   Orc:1 !


Innate Abilities, Weirdness & Mutations

You are resistant to torment.
Your stone body is resilient. (AC +8)
You are immune to poison.
You resist negative energy. (rN+)
You are resistant to electric shocks. (rElec)
You can survive without breathing.
You are immune to petrification.
You are immune to rotting.


Message History

The orc knight is engulfed in freezing vapours.
You hit the orc knight but do no damage.
The orc knight is heavily wounded.
You block the orc knight's attack.
You closely miss the orc knight.
The orc knight is heavily wounded.
The orc knight barely misses you.
You slice the orc knight!!
The orc knight is almost dead.
You block the orc knight's attack.
The cyclops hits you but does no damage.
You slash the orc knight!
The orc knight is almost dead.
You block the orc knight's attack.
You closely miss the orc knight.
The orc knight is almost dead.
The orc knight no longer looks unusually strong.
You block the cyclops's attack.
The orc knight hits you with a great sword!!
You die...

....# .....# ......
... ......# #...
....... .$....
.....§.###......$...
.<.......#...$......
.......@§..........
.#...§Co[§.......#
##..§§)........#
####.(.)......#
#..(())....###
##.)).)..)()(<#
#...)..)...))..#
#........)...........
..........#...$.......


You could see an orc knight and a cyclops.

Vanquished Creatures
  Gastronok (D:10)
  Harold (D:11)
  A hydra (D:11)
  2 unseen horrors
  Pikel (D:8)
  An orc knight (Orc:2)
  5 hill giants
  The ghost of Wolfechu the Insei, a novice DgTm (D:7)
  An ugly thing (D:10)
  A cyclops (D:10)
  2 manticores
  Maurice (D:10)
  Joseph (D:7)
  A gargoyle (D:10)
  A centaur skeleton (D:11)
  A kobold demonologist (D:11)
  3 trolls
  A hippogriff (D:10)
  A wyvern (D:11)
  8 yaks
  2 hungry ghosts
  The ghost of xnavy the Digger, an amateur DgEE (D:3)
  2 wargs
  Duvessa (D:5)
  A slave (D:8)
  3 sky beasts
  An eye of draining (D:11)
  10 orc warriors
  3 ice beasts
  A necrophage (D:11)
  2 wolves (D:9)
  7 ogres
  8 centaurs
  3 big kobolds
  7 bullfrogs
  Dowan (D:5)
  A wyvern skeleton (D:10)
  7 scorpions
  10 killer bees
  10 wights
  An electric eel (D:9)
  8 crimson imps
  4 jellies
  13 hounds
  10 orc priests
  6 orc wizards
  2 iguanas
  8 worker ants
  Natasha (twice) (D:4)
  2 killer bee zombies
  A hound zombie (D:10)
  A hound skeleton (D:11)
  A howler monkey zombie (D:9)
  3 gnolls (D:2)
  A howler monkey skeleton (D:10)
  14 adders
  3 shadow imps
  2 oozes
  An adder zombie (D:9)
  5 worms
  3 dart slugs
  A leopard gecko (D:8)
  49 orcs
  2 giant cockroaches
  5 goblins
  5 hobgoblins
  7 jackals
  2 quokkas
  3 ball pythons
  10 bats
  4 frilled lizards
  18 kobolds
  A leopard gecko skeleton (D:4)
  10 rats
  A fungus (D:4)
325 creatures vanquished.

Vanquished Creatures (others)
  A slave (D:8)
  An orc priest (D:8)
  A hound (D:8)
  A shadow imp (D:8)
  2 orcs (D:8)
6 creatures vanquished.

Grand Total: 331 creatures vanquished

Notes
Turn   | Place    | Note
-------+----------+-------------------------------------------
     0 | D:1      | giygas6060 the Gargoyle Fighter began the quest for the Orb.
     0 | D:1      | Reached XP level 1. HP: 14/14 MP: 1/1
   370 | D:1      | Reached XP level 2. HP: 19/19 MP: 2/2
  1131 | D:2      | Reached XP level 3. HP: 22/24 MP: 3/3
  1208 | D:2      | Found a white marble altar of Elyvilon.
  1227 | D:2      | Reached skill level 4 in Fighting
  1452 | D:2      | Reached XP level 4. HP: 16/29 MP: 4/4
  2426 | D:3      | Reached XP level 5. HP: 33/34 MP: 5/5
  2512 | D:3      | Reached skill level 5 in Fighting
  2547 | D:3      | HP: 1/35 [orc (2)]
  2862 | D:3      | Noticed xnavy's ghost (amateur DgEE)
  2903 | D:3      | Killed xnavy's ghost
  2903 | D:3      | Reached XP level 6. HP: 36/41 MP: 6/6
  2959 | D:3      | Found a shadowy altar of Dithmenos.
  3451 | D:4      | Noticed Natasha
  3457 | D:4      | Killed Natasha
  3457 | D:4      | Reached skill level 6 in Fighting
  3607 | D:4      | Noticed Natasha
  3615 | D:4      | Killed Natasha
  3615 | D:4      | Reached skill level 5 in Shields
  4049 | D:4      | Reached XP level 7. HP: 38/46 MP: 7/7
  4167 | D:4      | Reached skill level 5 in Armour
  4387 | D:4      | Reached skill level 7 in Fighting
  4510 | D:5      | Entered Level 5 of the Dungeon
  4735 | D:5      | Noticed Duvessa
  4737 | D:5      | Noticed Dowan
  4745 | D:5      | Killed Duvessa
  4745 | D:5      | Reached XP level 8. HP: 53/53 MP: 8/8
  4747 | D:5      | Killed Dowan
  4747 | D:5      | Reached skill level 1 in Long Blades
  4951 | D:5      | Reached skill level 8 in Fighting
  5607 | D:6      | Reached XP level 9. HP: 60/60 MP: 9/9
  5668 | D:6      | Reached skill level 9 in Fighting
  5887 | D:7      | Noticed Wolfechu's ghost (novice DgTm)
  5897 | D:7      | Noticed Joseph
  6469 | D:7      | Found a faded altar of an unknown god.
  6469 | D:7      | Found a faded altar of an unknown god.
  6485 | D:7      | Found a faded altar of an unknown god.
  6488 | D:7      | Found a snail-covered altar of Cheibriados.
  6490 | D:7      | Found a faded altar of an unknown god.
  6613 | D:7      | Found a staircase to the Ecumenical Temple.
  6625 | Temple   | Entered the Ecumenical Temple
  6699 | Temple   | Became a worshipper of Qazlal Stormbringer
  7066 | D:7      | Killed Wolfechu's ghost
  7225 | D:7      | Killed Joseph
  7225 | D:7      | Reached skill level 10 in Fighting
  7474 | D:8      | Reached XP level 10. HP: 65/68 MP: 10/10
  7484 | D:8      | Got a shimmering flail
  7485 | D:8      | Identified the +4 flail "Ecsaurij" {antimagic, MR+ MP+9 Int+4} (You found it on level 8 of the Dungeon)
  7539 | D:8      | Noticed Pikel
  7555 | D:8      | Killed Pikel
  7817 | D:8      | Found a shattered altar of Ashenzari.
  7817 | D:8      | Found a shimmering altar of Xom.
  8014 | D:8      | Reached skill level 11 in Fighting
  8020 | D:8      | Found Diddin's Magic Scroll Emporium.
  8280 | D:9      | Found a staircase to the Lair.
  8297 | D:9      | Reached skill level 5 in Long Blades
  8307 | D:9      | Reached * piety under Qazlal
  8949 | D:9      | Reached ** piety under Qazlal
  8949 | D:9      | Reached XP level 11. HP: 55/76 MP: 11/11
  9090 | D:10     | Entered Level 10 of the Dungeon
  9146 | D:10     | Noticed a cyan ugly thing
  9156 | D:10     | Killed a cyan ugly thing
  9156 | D:10     | Reached skill level 12 in Fighting
  9207 | D:10     | Killed an unseen horror
  9546 | D:10     | Noticed a hill giant
  9547 | D:10     | Noticed a manticore
  9558 | D:10     | Killed a hill giant
  9560 | D:10     | Killed a manticore
  9596 | D:10     | Noticed a hill giant
  9602 | D:10     | Killed a hill giant
  9729 | D:10     | Got an ancient falchion
  9824 | D:10     | Noticed a hill giant
  9835 | D:10     | Killed a hill giant
  9841 | D:10     | Noticed Gastronok
  9856 | D:10     | Killed Gastronok
  9856 | D:10     | Reached skill level 13 in Fighting
  9856 | D:10     | Reached skill level 10 in Armour
  9992 | D:10     | Noticed Maurice
 10003 | D:10     | Killed Maurice
 10187 | D:10     | Noticed a cyclops
 10187 | D:10     | Noticed a hill giant
 10192 | D:10     | Killed a hill giant
 10198 | D:10     | Killed a cyclops
 10198 | D:10     | Reached skill level 10 in Shields
 10198 | D:10     | Reached XP level 12. HP: 72/84 MP: 12/12
 10396 | D:11     | Noticed Harold
 10408 | D:11     | Killed Harold
 10408 | D:11     | Reached *** piety under Qazlal
 10511 | D:11     | Noticed a six-headed hydra
 10529 | D:11     | Killed an eight-headed hydra
 10539 | D:11     | Reached skill level 14 in Fighting
 10723 | D:11     | Reached **** piety under Qazlal
 10797 | D:11     | Found a staircase to the Orcish Mines.
 10829 | Orc:1    | Entered Level 1 of the Orcish Mines
 10829 | Orc:1    | Found Hibboar's Distillery.
 10851 | Orc:1    | Bought a potion of berserk rage for 80 gold pieces
 10851 | Orc:1    | Bought a potion of heal wounds for 80 gold pieces
 10972 | Orc:2    | Entered Level 2 of the Orcish Mines
 11029 | Orc:2    | Slain by an orc knight

Vault maps used:
D:1:      lightli_arrival_farm
D:2:      elyvilon_altar_3
D:3:      st_stairs_10, nicolae_dithmenos_through_a_glass_darkly
D:4:      old_forge, uniq_natasha
D:5:      first_bread, uniq_duvessa
D:6:      minmay_misc_feat_enclosed
D:7:      chequers_temple_overflow_minitemple, uniq_joseph
D:8:      gammafunk_temple_overflow_wave, serial_shops, shop_statue, uniq_pikel
D:9:      erik_lair_island
D:10:     minmay_tri_box, minivault_26, uniq_maurice, uniq_gastronok
D:11:     orc_david_3, grunt_pizzeria, uniq_harold
Temple:   dpeg_five_rooms_temple
Orc:1:    serial_shops, nicolae_shop_crystal, shop, shop, nicolae_shop_stone
Orc:2:    st_orc_town, basic_altar, nicolae_orc_crystal_geode

Skill      XL: |  1  2  3  4  5  6  7  8  9 10 11 12 |
---------------+-------------------------------------+-----
Fighting       | 4 5 6 7 8 10 11 13 14 | 14.4
Shields        | 4 5 6 7 8 10 | 10.7
Armour         | 4 5 6 7 9 10 11 | 11.1
Long Blades    | 2 4 5 6 7 |  7.9
Maces & Flails | |  2.2

Action                   |  1- 3 |  4- 6 |  7- 9 | 10-12 || total
-------------------------+-------+-------+-------+-------++-------
Melee: Flail             |   115 |   255 |       |       ||   370
       Mace              |       |    20 |    69 |       ||    89
       Double sword      |       |       |   188 |   411 ||   599
       Unarmed           |       |       |    16 |       ||    16
Throw: Javelin           |       |       |       |    13 ||    13
 Abil: Evoke Berserk Rag |       |       |       |     4 ||     4
Evoke: Wand              |       |       |       |     2 ||     2
  Use: Scroll            |       |     9 |     6 |     2 ||    17
       Potion            |       |     1 |     2 |     1 ||     4
  Eat: Chunk             |     2 |     2 |       |       ||     4
       Bread ration      |       |     2 |       |     2 ||     4
       Meat ration       |       |       |     2 |     2 ||     4
       Fruit             |       |       |       |     2 ||     2
       Beef jerky        |       |       |       |     1 ||     1
Armor: Scale mail        |    25 |       |       |       ||    25
       Plate armour      |    61 |   330 |   200 |   476 ||  1067
Dodge: Dodged            |    18 |    66 |    63 |   152 ||   299
       Deflected         |       |       |       |     3 ||     3
Block: Shield            |    71 |   227 |   189 |   553 ||  1040
       Rpst.: Double sword |       |       |    11 |    41 ||    52
